 Dungeon Crawl Stone Soup version 0.25-a0-317-g5f8687bca5 (webtiles) character file.

Game seed: 15788595034891998562, levelgen mode: deterministic

205 ANON1729 the Digger (level 5, -12/34 HPs)
             Began as an Octopode Earth Elementalist on Dec 27, 2019.
             Mangled by an ogre
             ... wielding a +0 giant club
              (29 damage)
             ... on level 4 of the Dungeon.
             The game lasted 00:04:04 (4517 turns).

ANON1729 the Digger (Octopode Earth Elementalist)   Turns: 4517, Time: 00:04:04

Health: -12/34     AC:  1    Str:  7    XL:     5   Next: 83%
Magic:  5/9        EV: 14    Int: 18    God:
Gold:   126        SH:  0    Dex: 13    Spells: 8/9 levels left

rFire    . . .     SeeInvis .   k - +2 dagger (elec)
rCold    . . .     Gourm    .   (no shield)
rNeg     . . .     Faith    .   (helmet restricted)
rPois    .         Spirit   .   (no amulet)
rElec    .         Reflect  .   l - ring of resist corrosion
rCorr    +         Harm     .   (no ring)
MR       .....                  (no ring)
Stlth    ++++......             (no ring)
HPRegen  0.11/turn              (no ring)
MPRegen  0.11/turn              (no ring)
                                (no ring)
                                (no ring)

@: very slightly contaminated
A: almost no armour, stealthy swim, amphibious, 8 rings, constrict 8, camouflage
1, gelatinous body 1
a: no special abilities


You were on level 4 of the Dungeon.
You were not hungry.

You visited 1 branch of the dungeon, and saw 4 of its levels.

You collected 154 gold pieces.
You spent 28 gold pieces at shops.

Inventory:

Hand Weapons
 k - a +2 dagger of electrocution (weapon)
Missiles
 b - 176 stones (quivered)
Jewellery
 f - an uncursed ring of fire
 l - a ring of resist corrosion (left tentacle)
Wands
 i - a wand of digging (6)
Scrolls
 a - 4 scrolls of teleportation
 g - 2 scrolls of immolation
 h - a scroll of noise {unknown}
 m - 2 scrolls of enchant weapon {unknown}
 n - a scroll of blinking {unknown}
 p - a scroll of random uselessness {unknown}
Potions
 d - 7 potions of curing {unknown}
 j - a potion of resistance {unknown}
 o - a potion of brilliance {unknown}
Comestibles
 c - 4 rations


   Skills:
 + Level 1.7 Fighting
 + Level 0.4 Short Blades
 + Level 3.0 Dodging
 + Level 4.1 Stealth
 + Level 2.8 Spellcasting
   Level 1.0 Transmutations
 * Level 4.3 Earth Magic


You had 8 spell levels left.
You knew the following spells:

 Your Spells              Type           Power        Failure   Level  Hunger
a - Sandblast             Erth           ###...       2%          1    None

Your spell library contained the following spells:

 Spells                   Type           Power        Failure   Level  Hunger
 Passwall                 Tmut/Erth      ##......     9%          2    ##.....
 Stone Arrow              Conj/Erth      ##....       21%         3    ###....
 Petrify                  Tmut/Erth      ##......     50%         4    ####...
 Lee's Rapid Deconstruct  Erth           ###.......   61%         5    ######.


Dungeon Overview and Level Annotations

Branches:
Dungeon (4/15)
 Temple: D:4-7

Altars:
Trog
The Shining One

Shops:
D:4 ?


Innate Abilities, Weirdness & Mutations

You cannot wear most types of armour.
You are very stealthy in the water. (Stealth+)
You are amphibious.
You can wear up to eight rings at the same time.
You can use your tentacles to constrict eight enemies at once.
Your skin changes colour to match your surroundings (Stealth+).
Your rubbery body absorbs attacks. (AC +1, EV +1)


Message History

You are very lightly contaminated with residual magic.
Sand pours from your tentacles.
Casting: Sandblast (safe; 2% risk of failure)
Confirm with . or Enter, or press ? or * to list all spells.
Aiming: Sandblast (safe; 2% risk of failure)
Press: ? - help, Shift-Dir - straight line, f/p - ogre
Aim: an ogre, wielding a +0 giant club (moderately wounded)
You miscast Sandblast.
You feel earthy. The ogre hits you with a +0 giant club!
Ouch! That really hurt!
Casting: Sandblast (safe; 2% risk of failure)
Confirm with . or Enter, or press ? or * to list all spells.
Aiming: Sandblast (safe; 2% risk of failure)
Press: ? - help, Shift-Dir - straight line, f/p - ogre
Aim: an ogre, wielding a +0 giant club (moderately wounded)
The blast of sand hits the ogre!
The ogre is severely wounded.
b - 176 stones The ogre hits you with a +0 giant club!!
Ouch! That really hurt!
You die...

#### #........# #
#........# #
#........##.. #
#.[......##.# ..
#........##.# ###
#........##.#
#.....O..##.######+###
#......@.##..........#
#........#...........###
####...................#
#########.........#.#
#.........#.#
#.........#.#
#........†#.#
#.........#.#
#.........#.#


You could see an ogre.

Vanquished Creatures
  Jessica (D:2)
  Terence (D:3)
  6 adders
  2 oozes
  An adder skeleton (D:2)
  3 worms
  A dart slug (D:3)
  A leopard gecko (D:2)
  An orc (D:3)
  3 giant cockroaches
  6 hobgoblins
  9 jackals (D:1)
  2 ball pythons
  9 bats
  7 frilled lizards
  11 goblins
  6 kobolds
  10 rats
80 creatures vanquished.

Notes
Turn   | Place    | Note
-------+----------+-------------------------------------------
     0 | D:1      | ANON1729 the Octopode Earth Elementalist began the quest
                  | for the Orb.
     0 | D:1      | Reached XP level 1. HP: 11/11 MP: 3/3
   265 | D:1      | Reached XP level 2. HP: 13/17 MP: 5/5
  1347 | D:1      | Reached XP level 3. HP: 14/21 MP: 6/6
  1958 | D:2      | Noticed Jessica
  1963 | D:2      | Killed Jessica
  1963 | D:2      | Reached XP level 4. HP: 27/27 MP: 7/7
  2626 | D:2      | Found a bloodstained altar of Trog.
  2681 | D:2      | Reached skill level 1 in Fighting
  2698 | D:2      | Found a glowing golden altar of the Shining One.
  3122 | D:2      | Reached XP level 5. HP: 29/33 MP: 8/8
  3402 | D:3      | Noticed Terence
  3413 | D:3      | Killed Terence
  3779 | D:3      | Found a faded altar of an unknown god.
  4361 | D:4      | Found Epseajet's Magic Scroll Shop.
  4376 | D:4      | Bought a scroll of identify for 28 gold pieces
  4510 | D:4      | Noticed an ogre
  4517 | D:4      | Mangled by an ogre

Levels and vault maps discovered:
D:1:      nzn_arrival_water_spiral, layout_loops_ring
D:2:      layout_loops_corners, marbit_many_paths, bloody_trog, uniq_jessica
D:3:      layout_basic, chequers_ecumenical_altar_twisty, uniq_terence
D:4:      layout_basic, serial_shops, shop_scrolls, first_ration,
          gammafunk_ghost_arena

Skill      XL: |  1  2  3  4  5 |
---------------+----------------+-----
Stealth        | 3 4 |  4.1
Fighting       | 1 |  1.7
Earth Magic    | 4 |  4.3
Dodging        | 3 |  3.0
Short Blades   | |  0.4
Spellcasting   | |  2.8
Transmutations | |  1.0

Action                   |  1- 3 |  4- 6 || total
-------------------------+-------+-------++-------
Melee: Unarmed           |    72 |    20 ||    92
       Constrict         |    21 |    26 ||    47
       Tentacles         |    10 |    10 ||    20
       Dagger            |       |    85 ||    85
 Cast: Sandblast         |    15 |     4 ||    19
  Use: Scroll            |       |     2 ||     2
 Stab: Sleeping          |     4 |    20 ||    24
  Eat: Chunk             |     3 |     8 ||    11
Armor: Skin              |     3 |     6 ||     9
Dodge: Dodged            |    60 |    58 ||   118

Table legend:
 A = Non-vault XP
 B = Vault XP
 C = Vault XP percentage of total XP
 D = Non-vault monster count
 E = Vault monster count
 F = Vault count percentage of total count
                 A         B        C        D         E       F
            +---------+---------+-------+---------+---------+-------
      Total |     220 |      74 |  25.2 |      77 |       3 |   3.8
            +---------+---------+-------+---------+---------+-------
        D:1 |      51 |       0 |   0.0 |      30 |       0 |   0.0
        D:2 |      89 |      38 |  29.9 |      27 |       2 |   6.9
        D:3 |      29 |      36 |  55.4 |      14 |       1 |   6.7
        D:4 |      51 |       0 |   0.0 |       6 |       0 |   0.0
            +---------+---------+-------+---------+---------+-------
